Map: 에버 드림 - 래더

Players

Stats - Winner!

  • Race: Protoss Protoss
  • Spawn Location: 1:00

LiquidClem (Clem)

  • Race: Terran Terran
  • Spawn Location: 7:00

Event: StayAtHomestory Cup #2

VOD

Have the link to the VOD?

Description

Time

  • Played on: June 12, 2020, 2:38 p.m.
  • Length: 14:57

All games in this series

Show
View Real Time Build Order
Export as new Build Order

Stats Protoss - Winner!

Build Orders: 1 Gate Expand, Blink Stalkers 

Get SALT Encoding   

  12  0:01  Probe  
  13  0:13  Probe  
  14  0:17  Pylon  
  14  0:24  Probe  
  15  0:32  Probe  
  15  0:37  Gateway  
  15  0:40  Probe  
  16  0:46  Assimilator  
  17  0:51  Probe  
  18  1:03  Probe  
  19  1:15  Probe  
  20  1:24  Cybernetics Core  
  20  1:31  Nexus  
  20  1:34  Probe  
  21  1:41  Pylon  
  21  1:46  Assimilator  
  21  1:48  Probe  
  21  1:51  Adept  
  22  2:00  Probe  
  25  2:06  Shield Battery  
  25  2:07  Warp Gate  
  25  2:11  Stalker  
  25  2:12  Probe  
  28  2:27  Probe  
  29  2:34  Twilight Council  
  29  2:40  Probe  
  29  2:43  Probe  
  30  2:50  Probe  
  31  2:56  Probe  
  33  3:02  Blink  
  33  3:03  Probe  
  32  3:06  Robotics Facility  
  32  3:08  Probe  
  32  3:10  Gateway  
  33  3:18  Probe  
  34  3:20  Probe  
  35  3:30  Probe  
  35  3:32  Probe  
  37  3:34  Gateway x2  
  37  3:42  Probe  
  37  3:44  Probe  
  37  3:45  Shield Battery  
  37  3:48  Observer  
  39  3:52  Pylon  
  39  3:53  Assimilator  
  39  3:54  Probe  
  41  3:56  Probe  
  42  4:05  Warp Prism  
  42  4:07  Probe  
  42  4:08  Probe  
  46  4:14  Pylon  
  46  4:18  Stalker x2  
  46  4:20  Probe  
  46  4:23  Probe  
  52  4:27  Pylon  
  52  4:28  Stalker  
  54  4:32  Stalker  
  56  4:39  Pylon  
  55  4:50  Assimilator  
  55  4:52  Stalker x2  
  57  4:54  Probe x2  
  57  4:58  Stalker x2  
  65  5:01  Pylon  
  65  5:02  Pylon  
  65  5:08  Probe x2  
  65  5:13  Observer  
  68  5:24  Stalker x4  
  70  5:47  Stalker x4  
  70  5:49  Robotics Bay  
  66  6:14  Stalker x4  
  66  6:17  Pylon, Nexus  
  74  6:23  Probe x2  
  76  6:28  Colossus  
  76  6:37  Probe, Pylon  
  76  6:38  Probe  
  84  6:40  Extended Thermal Lance  
  80  6:51  Zealot x4  
  88  6:54  Probe x2  
  90  7:06  Probe x2  
  92  7:17  Shield Battery  
  92  7:18  Probe x2  
  92  7:22  Forge, Colossus  
  94  7:24  Sentry  
  94  7:29  Probe  
  103  7:32  Stalker x3  
  103  7:36  Protoss Ground Weapons Level 1  
  109  7:41  Charge  
  109  7:43  Probe x3  
  111  7:54  Gateway x2  
  111  7:59  Pylon  
  111  8:00  Colossus  
  111  8:01  Observer  
  111  8:03  Probe x3  
  111  8:04  Assimilator  
  114  8:08  Assimilator  
  114  8:18  Pylon  
  120  8:20  Pylon  
  120  8:21  Pylon  
  120  8:24  Observer  
  120  8:25  Gateway x2  
  120  8:30  Gravitic Drive  
  120  8:35  Probe x3  
  123  8:42  Templar Archives  
  122  8:49  Zealot x3  
  122  8:50  Zealot x3  
  122  8:55  Gateway x2  
  134  9:08  Photon Cannon  
  134  9:14  Observer  
  135  9:18  Pylon  
  135  9:19  Nexus  
  135  9:20  Pylon x2  
  135  9:22  Protoss Ground Weapons Level 2  
  135  9:26  High Templar x2  
  135  9:27  High Templar x2  
  135  9:29  Robotics Facility  
  143  9:31  Forge  
  143  9:32  Archon x2  
  143  9:36  High Templar x2  
  143  9:37  Zealot x2  
  151  9:40  Observer  
  151  9:42  Archon  
  152  9:46  Probe x3  
  152  9:47  Shield Battery  
  152  9:50  Shield Battery  
  154  9:58  Protoss Ground Armor Level 1  
  154  10:01  Warp Prism  
  154  10:05  Robotics Facility  
  147  10:14  Zealot x2, High Templar x2  
  147  10:15  Zealot x3  
  147  10:19  Archon  
  147  10:21  Zealot x3  
  166  10:36  Zealot  
  166  10:37  Zealot x3  
  158  10:43  High Templar x2  
  158  10:44  Zealot  
  158  10:47  Zealot  
  166  10:50  Archon  
  166  10:53  Zealot x2  
  170  11:06  Zealot  
  170  11:07  Zealot x3  
  170  11:09  Probe  
  170  11:10  Probe x3  
  182  11:19  Disruptor  
  184  11:25  Zealot  
  184  11:26  Zealot x2  
  184  11:31  Zealot x2  
  184  11:32  Zealot x2  
  188  11:39  Disruptor  
  133  11:52  Zealot  
  133  11:53  Zealot x5  
  143  11:55  Disruptor  
  143  11:59  High Templar x4  
  149  12:05  Archon  
  149  12:06  Archon  
  138  12:16  Zealot  
  138  12:17  Zealot x5  
  112  12:31  Zealot x3  
  112  12:32  Zealot  
  116  12:38  Zealot x2  
  116  12:39  Zealot x2  
  116  12:42  Observer  
  119  12:45  Probe x3  
  122  12:58  High Templar x4  
  106  12:59  High Templar x2  
  106  13:03  Archon x2  
  106  13:04  Archon  
  116  13:07  Observer  
  115  13:13  Zealot x3  
  119  13:40  Observer  
  116  13:42  Zealot x6  
  116  13:44  Warp Prism  
  116  13:46  Disruptor  
  117  14:10  High Templar x2  
  117  14:11  Zealot x4  
  117  14:15  Archon  
  119  14:37  Zealot x8  
Show
View Real Time Build Order
Export as new Build Order

LiquidClem Terran 

Build Orders: Reaper Expand 

Get SALT Encoding   

  12  0:00  SCV  
  13  0:12  SCV  
  14  0:16  Supply Depot  
  14  0:24  SCV  
  15  0:38  SCV  
  15  0:39  Barracks  
  16  0:43  Refinery  
  16  0:50  SCV  
  17  1:02  SCV  
  18  1:14  SCV  
  19  1:27  Reaper, Orbital Command  
  20  1:42  Command Center  
  20  1:48  Supply Depot  
  20  1:53  SCV  
  21  1:58  Marine  
  22  2:05  SCV  
  23  2:08  Factory  
  23  2:16  Marine  
  23  2:17  Refinery  
  23  2:19  SCV  
  25  2:31  SCV  
  25  2:35  Barracks Reactor  
  26  2:43  SCV  
  26  2:54  Hellion  
  26  2:55  SCV  
  26  2:56  Orbital Command  
  26  2:58  Starport  
  29  3:07  SCV  
  29  3:11  Marine x2  
  32  3:17  Hellion  
  32  3:19  SCV  
  34  3:22  SCV  
  35  3:29  Marine x2  
  35  3:31  SCV  
  35  3:32  Supply Depot  
  38  3:34  Medivac  
  38  3:36  SCV  
  38  3:38  Hellion  
  43  3:43  SCV  
  43  3:47  Marine x2  
  46  3:54  SCV  
  46  3:55  SCV, Supply Depot  
  47  3:59  Barracks  
  47  4:01  Factory Tech Lab  
  48  4:05  Barracks  
  48  4:06  SCV  
  48  4:07  Marine  
  48  4:08  Marine  
  51  4:10  SCV  
  51  4:15  Starport Tech Lab  
  52  4:17  Supply Depot  
  52  4:19  Siege Tank  
  52  4:21  SCV  
  52  4:23  SCV  
  57  4:27  Engineering Bay  
  57  4:29  Marine x2  
  59  4:35  Bunker  
  59  4:37  SCV  
  59  4:43  SCV  
  59  4:49  SCV, Supply Depot  
  59  4:51  Refinery  
  59  4:52  Marine x2  
  62  4:53  Starport Reactor  
  62  4:54  Stimpack  
  62  5:00  Terran Infantry Weapons Level 1  
  62  5:01  SCV, Factory Reactor  
  62  5:03  SCV  
  64  5:09  Marauder  
  64  5:10  Combat Shield, Marauder  
  64  5:13  Marine  
  64  5:14  Marine  
  70  5:15  SCV  
  70  5:20  Supply Depot  
  71  5:28  SCV x2  
  67  5:30  Refinery  
  67  5:31  Marine x2  
  67  5:34  Marauder  
  67  5:40  SCV x2  
  65  5:44  Marauder  
  65  5:47  Medivac  
  65  5:49  Marine  
  72  5:52  SCV  
  72  5:55  Supply Depot  
  74  5:57  SCV  
  74  6:01  Marauder  
  76  6:04  Medivac  
  76  6:05  Marauder  
  76  6:07  Marine  
  76  6:09  SCV  
  76  6:10  SCV  
  74  6:14  Widow Mine x2  
  74  6:17  Supply Depot  
  78  6:23  Marauder  
  80  6:27  Marauder  
  80  6:28  Supply Depot, Marine x2  
  82  6:33  SCV  
  83  6:41  SCV  
  83  6:44  Marauder  
  83  6:46  Factory Reactor, Command Center  
  84  6:48  Marine x2  
  84  6:49  Medivac x2  
  84  6:50  SCV  
  91  7:01  Terran Infantry Armor Level 1  
  91  7:06  SCV x2  
  91  7:08  Barracks  
  91  7:09  Barracks  
  91  7:14  Marauder  
  92  7:18  SCV, Supply Depot, Marine x2  
  92  7:20  Marauder  
  97  7:25  Viking  
  97  7:26  Medivac  
  97  7:28  SCV  
  102  7:30  Concussive Shells  
  102  7:37  SCV, Supply Depot  
  103  7:38  Marauder  
  103  7:40  SCV  
  104  7:46  Marauder  
  104  7:50  Marine x2  
  104  7:51  Starport  
  108  7:53  SCV  
  108  7:54  SCV  
  110  7:59  Medivac  
  110  8:00  Marauder  
  110  8:01  Medivac  
  110  8:02  Barracks Tech Lab  
  117  8:05  SCV  
  117  8:07  SCV  
  118  8:15  Marine  
  118  8:17  SCV  
  118  8:18  Barracks Reactor  
  118  8:19  Marauder, Marine  
  122  8:20  SCV  
  122  8:25  Orbital Command, Marauder  
  126  8:29  SCV  
  126  8:30  Viking, Marauder  
  126  8:33  Viking  
  133  8:38  Viking  
  133  8:39  SCV  
  135  8:42  SCV  
  135  8:46  Supply Depot, Ghost Academy  
  135  8:47  Supply Depot  
  136  8:50  Marauder, Marine x2  
  136  8:51  SCV  
  141  9:01  Supply Depot  
  141  9:04  SCV  
  141  9:06  Supply Depot, Refinery  
  141  9:08  Viking x2, SCV x2, Marauder  
  141  9:09  Viking, Marauder  
  153  9:11  Marine x3  
  153  9:12  Marine  
  157  9:20  Supply Depot  
  157  9:22  Viking, Ghost  
  161  9:27  Supply Depot  
  161  9:31  Marine x2  
  161  9:32  Armory, Supply Depot  
  161  9:33  Engineering Bay  
  161  9:34  Ghost  
  161  9:36  Marine x2  
  166  9:41  Supply Depot  
  166  9:43  Viking  
  167  9:45  Missile Turret  
  167  9:47  Viking, Refinery  
  169  10:00  Marine x2  
  169  10:02  Ghost  
  169  10:04  Viking  
  169  10:06  Marine x2  
  177  10:11  Marauder  
  177  10:12  Marauder  
  177  10:13  Supply Depot  
  180  10:14  Command Center  
  180  10:21  Marine x2  
  180  10:22  SCV x2  
  183  10:31  Marauder  
  183  10:32  Marine x2  
  183  10:33  Marauder  
  189  10:41  Ghost  
  186  10:43  Medivac x2, Marine  
  186  10:46  Terran Infantry Weapons Level 2  
  186  10:49  Marine  
  192  10:53  Marauder  
  192  10:54  Marauder  
  192  10:56  Barracks  
  196  10:57  Terran Infantry Armor Level 2, Barracks  
  196  10:59  Barracks  
  196  11:02  Marine x2  
  198  11:06  SCV x2  
  197  11:26  Marauder  
  197  11:27  Viking  
  197  11:29  Viking  
  197  11:31  Marauder  
  187  11:32  Viking  
  187  11:34  Marauder  
  166  11:41  Liberator  
  166  11:44  Marine  
  166  11:46  SCV x2  
  162  11:47  SCV  
  162  11:48  Marauder  
  162  11:53  Marauder, Marine  
  162  11:54  Marine  
  155  11:55  Ghost  
  155  11:57  Medivac  
  155  12:00  SCV  
  149  12:01  Marine  
  145  12:09  Marauder  
  145  12:14  Marauder  
  136  12:16  Marine  
  136  12:18  SCV  
  136  12:22  Marine x2  
  123  12:24  Marauder  
  113  12:31  Orbital Command, Marauder  
  113  12:35  Marauder  
  115  12:41  Marine x2  
  115  12:42  SCV  
  100  12:45  Marauder, Marine  
  101  12:52  SCV, Marauder  
  101  12:55  Medivac  
  101  12:56  Marine  
  101  12:57  Marauder  
  103  13:00  Marine  
  103  13:01  Marine  
  103  13:05  Marine  
  105  13:07  Marauder  
  105  13:10  Medivac  
  110  13:13  Marauder  
  110  13:14  SCV x2, Marine  
  110  13:16  SCV  
  110  13:19  Marauder  
  118  13:25  Refinery x2, Marine x2  
  118  13:26  Marine  
  121  13:28  Marauder  
  121  13:33  SCV  
  124  13:35  Marauder  
  124  13:39  Medivac  
  104  13:41  Marine  
  104  13:42  Marauder  
  104  13:44  Marine x2  
  101  13:50  Marauder  
  101  13:51  Marine  
  100  13:56  Marauder  
  100  13:57  Medivac  
  100  13:59  Marine  
  100  14:02  Marine  
  106  14:04  Marauder, Marine  
  106  14:09  Command Center  
  109  14:10  SCV  
  109  14:11  SCV  
  109  14:15  Ghost  
  113  14:17  Marine  
  113  14:23  Marauder  
  110  14:28  Marauder  
  91  14:32  Marine  
  91  14:35  Marine x2  
Tags
 
Add a new tag
Caveats
  • Supply blocks, unpowered buildings, or Contaminate may cause inaccurate times.
  • Supply counts are checked every 10 seconds.